[Event "fics rated crazyhouse match"]
[Site "fics, Oklahoma City, OK USA"]
[Date "2000.02.13"]
[White "LSS"]
[WhiteElo "2538"]
[Black "Blackcomb"]
[BlackElo "2074"]
[TimeControl "180+0"]
[Result "1-0"]

1. e4 e6 2. d4 Nc6 3. Nf3 Nf6 4. Bd3 d5 5. e5 Ne4 6. O-O 
Be7 7. c3 O-O 8. Nbd2 f5 9. exf6 Nxf6 10. Ng5 P@e4 11. Ndxe4 dxe4 
12. Nxe4 Nxe4 13. Bxe4 N@f5 14. P@g4 N@d6 15. Bxc6 bxc6 16. gxf5 exf5 17. P@h6 
gxh6 18. Bxh6 B@g4 19. Qb3+ P@d5 20. N@e5 P@e2 21. Rfe1 Bf6 22. Nxc6 Qd7 
23. Bxf8 Qxc6 24. N@h6+ Kxf8 25. R@g8+ Ke7 26. P@e5 Bxe5 27. dxe5 P@d2 28. B@f6+ 
Kd7 29. Rd8+ Ke6 30. N@f8# 
{Blackcomb checkmated} 1-0

[Event "fics rated crazyhouse match"]
[Site "fics, Oklahoma City, OK USA"]
[Date "2000.02.13"]
[White "XXNoWay"]
[WhiteElo "2310"]
[Black "Ebenfelt"]
[BlackElo "2249"]
[TimeControl "60+0"]
[Result "1-0"]

1. e4 e5 2. Nc3 Bc5 3. Bc4 Nf6 4. Nf3 O-O 5. Nxe5 d6 6. Nxf7 
Bxf2+ 7. Kf1 Rxf7 8. Bxf7+ Kxf7 9. P@f5 Bb6 10. P@e6+ Kg8 11. d4 Qf8 
12. Bg5 Nxe4 13. Nxe4 Qxf5+ 14. R@f3 B@b5+ 15. Kg1 Bxd4+ 16. Qxd4 N@e2+ 17. Kf2 
Nxd4 18. B@f7+ Kh8 19. Rxf5 Q@e2+ 20. Kg1 P@f2+ 21. Rxf2 Qxf2+ 22. Kxf2 P@e3+ 
23. Ke1 R@e2+ 24. Kd1 Rd2+ 25. Nxd2 P@e2+ 26. Kc1 exd2+ 27. Bxd2 
{Ebenfelt forfeits on time} 1-0

[Event "fics rated crazyhouse match"]
[Site "fics, Oklahoma City, OK USA"]
[Date "2000.02.13"]
[White "venomous"]
[WhiteElo "2435"]
[Black "XXNoWay"]
[BlackElo "2317"]
[TimeControl "60+0"]
[Result "1-0"]

1. e4 e6 2. d4 Nf6 3. Be2 d5 4. e5 Ne4 5. Nh3 Be7 6. Be3 
O-O 7. O-O Ng5 8. Nxg5 Bxg5 9. N@h5 Nc6 10. Nc3 Bxe3 11. fxe3 B@g5 
12. B@f4 Bxf4 13. Rxf4 B@g5 14. B@f6 gxf6 15. Nxf6+ Kh8 16. Bd3 B@g7 17. Nxh7 
Bxf4 18. exf4 Qh4 19. B@g3 Qxh7 20. Bxh7 Kxh7 21. P@f6 Bh6 22. P@g5 B@e3+ 
23. Kf1 N@g4 24. gxh6 Rg8 25. B@d3+ N@f5 26. Bxf5+ exf5 27. N@f8# 
{XXNoWay resigns} 1-0

[Event "fics rated crazyhouse match"]
[Site "fics, Oklahoma City, OK USA"]
[Date "2000.02.13"]
[White "XXNoWay"]
[WhiteElo "2312"]
[Black "venomous"]
[BlackElo "2440"]
[TimeControl "60+0"]
[Result "1-0"]

1. e4 e6 2. Nc3 Nc6 3. Nf3 Bb4 4. Bb5 Nf6 5. d3 d5 6. e5 
Ng4 7. O-O O-O 8. Bxc6 bxc6 9. h3 Nxf2 10. Rxf2 P@g3 11. Rf1 Bxc3 
12. bxc3 N@f2 13. Rxf2 gxf2+ 14. Kxf2 f6 15. B@h4 B@e7 16. exf6 Bxf6 17. Bxf6 
Qxf6 18. N@g4 P@g3+ 19. Kg1 Qxc3 20. N@h6+ gxh6 21. Nxh6+ Kg7 22. B@b2 P@f2+ 
23. Kh1 R@e1+ 24. N@f1 Rxd1 25. Bxc3+ B@f6 26. Bxf6+ Kxf6 27. Q@g5# 
{venomous checkmated} 1-0

[Event "fics rated crazyhouse match"]
[Site "fics, Oklahoma City, OK USA"]
[Date "2000.02.13"]
[White "venomous"]
[WhiteElo "2429"]
[Black "XXNoWay"]
[BlackElo "2323"]
[TimeControl "60+0"]
[Result "1-0"]

1. e4 e5 2. Bc4 Nf6 3. Nf3 d6 4. O-O Be7 5. d4 exd4 6. Nxd4 
O-O 7. Nc3 P@e5 8. Nf5 Bxf5 9. exf5 N@d4 10. P@g6 Nxf5 11. gxf7+ Kh8 
12. B@e4 P@g6 13. Bxf5 gxf5 14. P@h6 gxh6 15. Bxh6 P@g7 16. Bxg7+ Kxg7 17. P@g5 
B@g4 18. N@e6+ Kg6 19. Nxd8 Kxg5 20. Ne6+ Kg6 21. Q@g5+ Kxf7 22. Nxf8+ Kxf8 
23. R@g8# 
{XXNoWay resigns} 1-0

[Event "fics rated crazyhouse match"]
[Site "fics, Oklahoma City, OK USA"]
[Date "2000.02.13"]
[White "XXNoWay"]
[WhiteElo "2317"]
[Black "venomous"]
[BlackElo "2435"]
[TimeControl "60+0"]
[Result "0-1"]

1. e4 e6 2. Nc3 Nc6 3. Nf3 Nf6 4. Bb5 d6 5. d4 Bd7 6. Bxc6 
Bxc6 7. d5 exd5 8. exd5 Bd7 9. Qe2+ Qe7 10. O-O P@e4 11. Ng5 B@g4 
12. Qe3 h6 13. Nxf7 Qxf7 14. P@e6 Bgxe6 15. dxe6 Bxe6 16. P@d5 Nxd5 17. Nxd5 
Bxd5 18. B@h3 P@d4 19. Qe2 P@f3 20. gxf3 P@e6 21. fxe4 N@f3+ 22. Kh1 N@g5 
23. Bxg5 hxg5 24. exd5 Rxh3 25. dxe6 Rxh2# 
{XXNoWay checkmated} 0-1

[Event "fics rated crazyhouse match"]
[Site "fics, Oklahoma City, OK USA"]
[Date "2000.02.13"]
[White "venomous"]
[WhiteElo "2440"]
[Black "XXNoWay"]
[BlackElo "2312"]
[TimeControl "60+0"]
[Result "1-0"]

1. e4 e5 2. Bc4 Nf6 3. Nf3 d6 4. O-O Bg4 5. Nc3 Be7 6. d3 
O-O 7. Bg5 Nc6 8. h3 Bxf3 9. Qxf3 Nd4 10. Qd1 c6 11. B@e3 h6 
12. Bxf6 Bxf6 13. N@f5 Nxf5 14. exf5 N@f4 15. Bxf4 exf4 16. N@g6 Re8 17. Nxf4 
B@e5 18. Bxf7+ Kxf7 19. P@e6+ Ke7 20. Ng6# 
{XXNoWay checkmated} 1-0

[Event "fics rated crazyhouse match"]
[Site "fics, Oklahoma City, OK USA"]
[Date "2000.02.13"]
[White "XXNoWay"]
[WhiteElo "2307"]
[Black "venomous"]
[BlackElo "2445"]
[TimeControl "60+0"]
[Result "1-0"]

1. e4 e6 2. Nc3 Nc6 3. Nf3 Nf6 4. Bb5 d6 5. O-O Bd7 6. d3 
Be7 7. Bg5 O-O 8. Bxc6 bxc6 9. Bxf6 Bxf6 10. N@h5 Rb8 11. Nxf6+ Qxf6 
12. B@g5 Qxg5 13. Nxg5 B@f6 14. Qh5 Bxg5 15. Qxg5 B@g6 16. B@f6 B@h6 17. Bxg7 
Bxg7 18. P@h6 Bd4 19. N@f6+ Bxf6 20. Qxf6 
{venomous resigns} 1-0

[Event "fics rated crazyhouse match"]
[Site "fics, Oklahoma City, OK USA"]
[Date "2000.02.13"]
[White "venomous"]
[WhiteElo "2434"]
[Black "XXNoWay"]
[BlackElo "2318"]
[TimeControl "60+0"]
[Result "1-0"]

1. e4 Nf6 2. Bc4 e6 3. e5 Nd5 4. Bxd5 exd5 5. Nf3 Nc6 6. O-O 
Be7 7. d4 d6 8. Re1 Bg4 9. exd6 cxd6 10. P@h3 Bxf3 11. Qxf3 B@e4 
12. Rxe4 dxe4 13. Qxe4 R@e6 14. Qd3 Nxd4 15. B@f1 P@e2 16. Bxe2 Nxe2+ 17. Qxe2 
Rxe2 18. B@b5+ P@c6 19. Bxe2 N@d4 20. Nc3 B@b4 21. R@e3 Q@e1+ 22. N@f1 Bxc3 
23. bxc3 Nxe2+ 24. Rxe2 Qxe2 25. B@d3 Qe6 26. N@f4 Qed7 27. N@h5 B@e5 28. P@d4 
R@g5 29. P@g3 Bxf4 30. Bxf4 Rxh5 31. B@g4 Qxg4 32. hxg4 N@f3+ 33. gxf3 N@h3+ 
34. Kh1 Nxf4 35. gxf4 B@h3 36. gxh5 B@g2+ 37. Kg1 Bxf1 38. Bxf1 Bxf1 39. Kxf1 
N@h3 40. Q@g3 B@c4+ 41. B@d3 N@e2 42. Kxe2 Bxd3+ 43. cxd3 Nxf4+ 44. Qxf4 
{XXNoWay forfeits on time} 1-0

[Event "fics rated crazyhouse match"]
[Site "fics, Oklahoma City, OK USA"]
[Date "2000.02.13"]
[White "XXNoWay"]
[WhiteElo "2313"]
[Black "venomous"]
[BlackElo "2439"]
[TimeControl "60+0"]
[Result "1-0"]

1. e4 e6 2. Nc3 Nc6 3. Nf3 d6 4. d4 Nf6 5. Bd3 Be7 6. O-O 
O-O 7. e5 Nd5 8. exd6 cxd6 9. P@h6 gxh6 10. Bxh6 Nxc3 11. bxc3 P@g4 
12. Bxf8 Qxf8 13. N@h5 gxf3 14. P@g7 Qxg7 15. Nxg7 fxg2 16. Qg4 B@g6 17. Bxg6 
gxf1=Q+ 18. Rxf1 fxg6 19. Nh5 B@h8 20. Q@e8+ R@f8 21. P@f7# 
{venomous checkmated} 1-0

[Event "fics rated crazyhouse match"]
[Site "fics, Oklahoma City, OK USA"]
[Date "2000.02.13"]
[White "venomous"]
[WhiteElo "2428"]
[Black "XXNoWay"]
[BlackElo "2324"]
[TimeControl "60+0"]
[Result "1-0"]

1. e4 e5 2. Bc4 Nf6 3. Nf3 d6 4. Ng5 Be6 5. Bxe6 fxe6 6. Nxe6 
Qe7 7. Nxf8 Rxf8 8. B@g5 B@h5 9. P@f3 h6 10. Bxf6 Qxf6 11. N@d5 Qf7 
12. B@e6 B@a5 13. Bxf7# 
{XXNoWay resigns} 1-0

[Event "fics rated crazyhouse match"]
[Site "fics, Oklahoma City, OK USA"]
[Date "2000.02.13"]
[White "XXNoWay"]
[WhiteElo "2318"]
[Black "venomous"]
[BlackElo "2434"]
[TimeControl "60+0"]
[Result "0-1"]

1. e4 e6 2. Nc3 Bb4 3. Nf3 Nf6 4. d3 O-O 5. Be2 d5 6. exd5 
Nxd5 7. P@h6 Nxc3 8. bxc3 Bxc3+ 9. Bd2 Bxd2+ 10. Qxd2 B@f6 11. hxg7 Bxg7 
12. P@h6 Bxa1 13. B@g7 R@b1+ 14. Bd1 P@c3 15. Bxc3 Bxc3 16. Qxc3 B@b2 17. Qd2 
N@f5 18. B@g5 P@e3 19. fxe3 Qxg5 20. Nxg5 B@h4+ 21. P@g3 Bxg5 22. P@c3 Bxh6 
23. Q@g4+ P@g7 24. N@h4 Nxh4 25. gxh4 N@f6 26. N@e7+ Kh8 27. Qg3 N@h5 28. Qgf2 
P@g3 29. hxg3 Ng4 30. Qf3 Nxe3 31. Qxh5 Nxd1 32. O-O P@f2+ 33. Kh2 Bxc3 
34. Qdxd1 Rxd1 35. Rxd1 Q@g1+ 36. Rxg1 fxg1=Q+ 37. Kxg1 B@e3+ 38. Kh2 R@f5 39. Kh3 
Rxh5 40. N@g6+ hxg6 41. Q@g8+ Rxg8 42. R@h7+ Kxh7 
{XXNoWay forfeits on time} 0-1

[Event "fics rated crazyhouse match"]
[Site "fics, Oklahoma City, OK USA"]
[Date "2000.02.13"]
[White "venomous"]
[WhiteElo "2439"]
[Black "XXNoWay"]
[BlackElo "2313"]
[TimeControl "60+0"]
[Result "1-0"]

1. e4 Nf6 2. e5 Nd5 3. Bc4 e6 4. Nf3 Nc6 5. O-O Be7 6. d4 
O-O 7. Bxd5 exd5 8. N@f5 B@g6 9. Nxg7 Kxg7 10. P@f6+ Kg8 11. fxe7 Qxe7 
12. B@f6 Qe6 13. Ng5 Qf5 14. Qf3 Qxf3 15. Nxf3 
{XXNoWay resigns} 1-0

[Event "fics rated crazyhouse match"]
[Site "fics, Oklahoma City, OK USA"]
[Date "2000.02.13"]
[White "XXNoWay"]
[WhiteElo "2308"]
[Black "venomous"]
[BlackElo "2444"]
[TimeControl "60+0"]
[Result "1-0"]

1. e4 e6 2. Nc3 Bb4 3. Nf3 Nf6 4. e5 Nd5 5. Nxd5 exd5 6. c3 
Be7 7. d4 d6 8. N@h5 Rg8 9. Bd3 N@e4 10. exd6 cxd6 11. Qe2 Bg4 
12. Ng3 P@f5 13. Bb5+ Nc6 14. Bf4 a6 15. Bxc6+ bxc6 16. O-O B@b5 17. P@d3 
Qd7 18. a4 Bxf3 19. Qxf3 N@d2 20. Qe2 Nxf1 21. Rxf1 Nxg3 22. fxg3 Bxa4 
23. Bxd6 Qxd6 24. B@e5 Qxe5 25. Qxe5 B@d6 26. N@c7+ Kd7 27. P@e6+ Kxc7 28. Q@d7+ 
Kb6 29. Qexd6 Bxd6 30. B@c5+ Bxc5 31. dxc5+ Kxc5 32. B@d4+ Kb5 33. N@a3+ Ka5 
34. Qc7+ B@b6 35. Qxb6# 
{venomous checkmated} 1-0

[Event "fics rated crazyhouse match"]
[Site "fics, Oklahoma City, OK USA"]
[Date "2000.02.13"]
[White "venomous"]
[WhiteElo "2433"]
[Black "XXNoWay"]
[BlackElo "2319"]
[TimeControl "60+0"]
[Result "1-0"]

1. e4 e6 2. Nf3 Nf6 3. e5 Nd5 4. Bc4 Nc6 5. O-O d6 6. d4 
dxe5 7. dxe5 P@e4 8. Ng5 Be7 9. Nxe4 Nxe5 10. P@f4 Ng6 11. f5 exf5 
12. Qxd5 fxe4 13. Qxf7+ Kd7 14. Qe6+ Ke8 15. Qf7+ Kd7 16. Be6+ Kc6 17. P@d5+ 
Kb6 18. Be3+ P@c5 19. b4 N@e2+ 20. Kh1 P@f3 21. bxc5+ Bxc5 22. Bxc5+ Kxc5 
23. N@b3+ Kb6 24. B@c5+ Ka6 25. P@b5+ Kxb5 26. a4+ Kc4 27. d6# 
{XXNoWay resigns} 1-0

[Event "fics rated crazyhouse match"]
[Site "fics, Oklahoma City, OK USA"]
[Date "2000.02.13"]
[White "XXNoWay"]
[WhiteElo "2314"]
[Black "venomous"]
[BlackElo "2438"]
[TimeControl "60+0"]
[Result "1-0"]

1. e4 e6 2. Nc3 Nc6 3. Nf3 Bb4 4. Bb5 d6 5. d3 Bd7 6. O-O 
Nf6 7. Bg5 h6 8. Bh4 Bxc3 9. bxc3 N@g6 10. Bxf6 Qxf6 11. Bxc6 bxc6 
12. N@h5 Qxc3 13. B@d4 Qxd4 14. Nxd4 B@e5 15. Nf3 B@g4 16. Nxe5 Bxd1 17. Nxg7+ 
Kd8 18. Raxd1 Nxe5 19. B@f6+ P@e7 20. Bxe5 dxe5 21. N@b7+ Kc8 22. Nd6+ exd6 
23. P@b7+ Kxb7 24. N@a5+ Kc8 25. Q@b7+ Kd8 26. B@f6+ P@e7 27. Qxa8+ Bc8 28. Nxc6+ 
Kd7 29. Nxe5+ dxe5 30. P@c6+ Kd6 31. Bxe5+ Kxe5 32. f4+ Kf6 33. Nh5+ Kg6 
34. R@g7+ Kxh5 35. P@g4+ Kh4 36. P@g3# 
{venomous checkmated} 1-0

[Event "fics rated crazyhouse match"]
[Site "fics, Oklahoma City, OK USA"]
[Date "2000.02.13"]
[White "venomous"]
[WhiteElo "2427"]
[Black "XXNoWay"]
[BlackElo "2325"]
[TimeControl "60+0"]
[Result "0-1"]

1. e4 e5 2. Bc4 Nf6 3. Nf3 Be7 4. Nxe5 O-O 5. Nxf7 Rxf7 6. Bxf7+ 
Kxf7 7. e5 d6 8. exf6 Bxf6 9. O-O N@f4 10. d4 P@e2 11. Bxf4 exd1=Q 
12. Rxd1 B@h3 13. gxh3 Bxh3 14. P@e6+ Bxe6 15. P@g2 P@h3 16. gxh3 Bxh3 17. B@d5+ 
P@e6 18. P@g2 exd5 19. gxh3 B@f3 20. P@e6+ Kg8 21. B@f7+ Kh8 22. N@g2 Bxg2 
23. Kxg2 N@h4+ 24. Kf1 Q@f3 25. Nd2 P@e2+ 26. Ke1 exd1=Q+ 27. Rxd1 R@g1+ 28. B@f1 
Ng2# 
{venomous checkmated} 0-1

[Event "fics rated crazyhouse match"]
[Site "fics, Oklahoma City, OK USA"]
[Date "2000.02.13"]
[White "XXNoWay"]
[WhiteElo "2335"]
[Black "venomous"]
[BlackElo "2417"]
[TimeControl "60+0"]
[Result "0-1"]

1. e4 e6 2. Nc3 Nc6 3. Nf3 Bb4 4. Bb5 Nf6 5. d3 d5 6. e5 
Nd7 7. O-O Bxc3 8. bxc3 N@g6 9. B@g5 f6 10. exf6 gxf6 11. Bxc6 bxc6 
12. N@g7+ Kf7 13. Bh6 B@f8 14. Nh5 Bxh6 15. Bxh6 B@g4 16. P@g7 Rg8 17. Ng3 
Nde5 18. Nxe5+ Nxe5 19. B@h5+ Bxh5 20. Nxh5 B@g6 21. Nf4 P@f3 22. Nxg6 hxg6 
23. B@h7 fxg2 24. Bxg8+ Qxg8 25. R@f8+ Ke7 26. B@c5+ P@d6 27. Rxg8 N@h3+ 28. Kxg2 
N@f4+ 29. Bxf4 Nxf4+ 30. Kg3 B@h4+ 31. Kxh4 g5# 
{XXNoWay resigns} 0-1

[Event "fics rated crazyhouse match"]
[Site "fics, Oklahoma City, OK USA"]
[Date "2000.02.13"]
[White "venomous"]
[WhiteElo "2423"]
[Black "XXNoWay"]
[BlackElo "2329"]
[TimeControl "60+0"]
[Result "1-0"]

1. e4 e5 2. Bc4 Nf6 3. Nf3 Bd6 4. d4 exd4 5. e5 P@e4 6. Bxf7+ 
Kxf7 7. Ng5+ Kf8 8. exd6 cxd6 9. Qxd4 B@e5 10. Qd1 P@h6 11. P@f4 hxg5 
12. fxe5 dxe5 13. Bxg5 P@e7 14. P@h6 gxh6 15. Bxh6+ P@g7 16. Bxg7+ Kxg7 17. P@g5 
B@f4 18. gxf6+ exf6 19. N@f5+ Kf7 20. Nd6+ Ke7 21. Nf5+ Kf7 22. B@d5+ P@e6 
23. Bxe6+ dxe6 24. Qxd8 B@b4+ 25. B@c3 Rxd8 26. Q@g7+ Ke8 27. P@f7+ Kd7 28. f8=Q+ 
Kc6 29. P@b5+ Kxb5 30. Qxb4# 
{XXNoWay resigns} 1-0

[Event "fics rated crazyhouse match"]
[Site "fics, Oklahoma City, OK USA"]
[Date "2000.02.13"]
[White "XXNoWay"]
[WhiteElo "2323"]
[Black "venomous"]
[BlackElo "2429"]
[TimeControl "60+0"]
[Result "1-0"]

1. e4 e6 2. Nc3 Bb4 3. Nf3 Nf6 4. e5 Nd5 5. Bc4 Bxc3 6. dxc3 
d6 7. B@h4 N@e7 8. Bxd5 exd5 9. Qxd5 B@e6 10. Qd1 O-O 11. P@f6 gxf6 
12. N@h6+ Kh8 13. Bxf6+ P@g7 14. Bxg7+ Kxg7 15. P@f6+ Kg6 16. Nh4# 
{venomous checkmated} 1-0

[Event "fics rated crazyhouse match"]
[Site "fics, Oklahoma City, OK USA"]
[Date "2000.02.13"]
[White "venomous"]
[WhiteElo "2419"]
[Black "XXNoWay"]
[BlackElo "2333"]
[TimeControl "60+0"]
[Result "1-0"]

1. e4 d6 2. d4 Nf6 3. Bd3 Bg4 4. f3 Bd7 5. Be3 Nc6 6. Ne2 
e6 7. O-O Be7 8. Nbc3 O-O 9. d5 Ne5 10. dxe6 fxe6 11. P@f5 Nxd3 
12. fxe6 Bxe6 13. cxd3 P@e5 14. P@f5 Bf7 15. N@e6 Qd7 16. Nxf8 Rxf8 17. Bxa7 
P@d4 18. P@e6 Bxe6 19. fxe6 Qxe6 20. B@b3 d5 21. Nxd5 Nxd5 22. Bxd5 Qxd5 
23. exd5 N@g5 24. R@g3 B@e3+ 25. P@f2 P@h4 26. Rxg5 B7xg5 27. Q@e6+ B@f7 28. Qxe5 
P@f6 29. Qxc7 Bxf2+ 30. Rxf2 P@e3 31. Rf1 R@f2 32. N@e7+ Kh8 33. Bxd4 Rxf1+ 
34. Qxf1 Bxd5 35. Nxd5 P@f2+ 36. Kh1 h3 37. gxh3 N@f4 38. Ndxf4 Bxf4 39. Nxf4 
R@g1+ 40. Qxg1 fxg1=Q+ 41. Rxg1 N@f2+ 42. Kg2 Q@g5+ 43. R@g3 Qxg3+ 44. hxg3 R@e2 
45. N@g6# 
{XXNoWay forfeits on time} 1-0

[Event "fics rated crazyhouse match"]
[Site "fics, Oklahoma City, OK USA"]
[Date "2000.02.13"]
[White "XXNoWay"]
[WhiteElo "2327"]
[Black "venomous"]
[BlackElo "2425"]
[TimeControl "60+0"]
[Result "1-0"]

1. e4 e6 2. Nc3 d5 3. Nf3 dxe4 4. Nxe4 P@f5 5. Ng3 Nf6 6. d4 
Bb4+ 7. c3 Be7 8. Bd3 Nc6 9. O-O Bd7 10. Bf4 O-O 11. P@h6 Nd5 
12. hxg7 Nxf4 13. gxf8=Q+ Qxf8 14. P@e5 P@h3 15. gxh3 Nxh3+ 16. Kh1 P@g4 17. P@g2 
gxf3 18. Qxf3 B@g4 19. Qxg4+ fxg4 20. B@e3 N@f5 21. Nxf5 exf5 22. R@g3 N@h5 
23. gxh3 Nxg3+ 24. fxg3 gxh3 25. N@h4 P@g2+ 26. Nxg2 hxg2+ 27. Kxg2 R@g7 28. N@h6+ 
Kh8 29. P@f6 N@h4+ 30. Kh3 Q@g2+ 31. Kxh4 Rg4+ 32. Kh5 Qh3+ 33. P@h4 Rxh4+ 
34. gxh4 P@g6+ 35. Kg5 Qxe3+ 36. P@f4 Qxf4+ 37. Kxf4 Qxh6+ 38. Q@g5 B@d2+ 39. Kf3 
Bxg5 40. hxg5 Qxg5 41. B@g7+ Kg8 42. R@h8# 
{venomous checkmated} 1-0

[Event "fics rated crazyhouse match"]
[Site "fics, Oklahoma City, OK USA"]
[Date "2000.02.13"]
[White "venomous"]
[WhiteElo "2415"]
[Black "XXNoWay"]
[BlackElo "2337"]
[TimeControl "60+0"]
[Result "0-1"]

1. e4 e5 2. Bc4 Nc6 3. Nf3 Be7 4. O-O Nf6 5. d4 exd4 6. e5 
Ng4 7. c3 Ngxe5 8. Nxe5 Nxe5 9. Qxd4 Nxc4 10. Qxc4 d5 11. Qe2 P@d3 
12. Qxd3 B@e4 13. Qxe4 dxe4 14. N@h5 Rg8 15. N@e5 P@e2 16. Re1 Q@f1+ 17. Rxf1 
exf1=Q+ 18. Kxf1 Qd1+ 19. Q@e1 R@g1+ 20. Kxg1 Qxe1+ 21. B@f1 N@e2# 
{venomous resigns} 0-1

[Event "fics rated crazyhouse match"]
[Site "fics, Oklahoma City, OK USA"]
[Date "2000.02.13"]
[White "XXNoWay"]
[WhiteElo "2347"]
[Black "venomous"]
[BlackElo "2405"]
[TimeControl "60+0"]
[Result "1-0"]

1. e4 e6 2. Nc3 Nf6 3. Nf3 Bb4 4. d4 Nxe4 5. Bd3 Nxc3 6. bxc3 
Bxc3+ 7. Bd2 Bxd2+ 8. Qxd2 N@d5 9. O-O B@c3 10. Qg5 Qxg5 11. Nxg5 P@h3 
12. Nxf7 Q@e7 13. Nxh8 P@f7 14. Q@g8+ Qf8 15. R@d8# 
{venomous resigns} 1-0

[Event "fics rated crazyhouse match"]
[Site "fics, Oklahoma City, OK USA"]
[Date "2000.02.13"]
[White "venomous"]
[WhiteElo "2396"]
[Black "XXNoWay"]
[BlackElo "2356"]
[TimeControl "60+0"]
[Result "1-0"]

1. e4 e5 2. Nf3 Nc6 3. Bc4 Be7 4. O-O Nf6 5. d3 O-O 6. Bg5 
d6 7. h3 h6 8. Bxf6 Bxf6 9. Nc3 B@h5 10. N@g3 Bxf3 11. Qxf3 Nd4 
12. Qd1 Bh4 13. B@e3 Qf6 14. Nd5 Qg6 15. Bxd4 Kh8 16. N@e7 Qxg3 17. fxg3 
Bxg3 18. Bf2 P@h2+ 19. Kh1 Bxf2 20. Rxf2 B@g3 21. Rxf7 Bxh3 22. Ng6+ Kh7 
23. Nxf8+ Rxf8 24. P@g6+ Kxg6 25. B@h5+ Kg5 26. Q@g6+ Kh4 27. Qgg4# 
{XXNoWay resigns} 1-0

[Event "fics rated crazyhouse match"]
[Site "fics, Oklahoma City, OK USA"]
[Date "2000.02.13"]
[White "XXNoWay"]
[WhiteElo "2349"]
[Black "venomous"]
[BlackElo "2403"]
[TimeControl "60+0"]
[Result "1-0"]

1. e4 e6 2. Nc3 Bb4 3. Nf3 d6 4. d4 Nc6 5. Bd3 Bxc3+ 6. bxc3 
Nf6 7. O-O O-O 8. Bg5 h6 9. Bxf6 Qxf6 10. e5 dxe5 11. dxe5 Nxe5 
12. Nxe5 Qxe5 13. B@d4 Qxd4 14. cxd4 B@f6 15. Q@h7# 
{venomous checkmated} 1-0

[Event "fics rated crazyhouse match"]
[Site "fics, Oklahoma City, OK USA"]
[Date "2000.02.13"]
[White "venomous"]
[WhiteElo "2394"]
[Black "XXNoWay"]
[BlackElo "2358"]
[TimeControl "60+0"]
[Result "1-0"]

1. e4 e6 2. d4 Nf6 3. Bd3 d5 4. e5 Ne4 5. Nh3 Be7 6. Be3 
O-O 7. O-O Nc6 8. Nc3 Nxc3 9. bxc3 N@e4 10. Bxe4 dxe4 11. N@g5 B@f5 
12. N@g3 Bxh3 13. Nxh3 N@d5 14. Nxe4 Nxe3 15. fxe3 B@f5 16. N@f2 Bh4 17. P@g3 
Be7 18. g4 Bg6 19. Rb1 a6 20. g5 Bxe4 21. Nxe4 N@d5 22. B@f6 Nxe3 
23. Qf3 Nxf1 24. Rxf1 P@f5 25. Bxg7 fxe4 26. N@h6+ Kxg7 27. B@f6+ Kg6 28. P@h4 
exf3 29. Nf4# 
{XXNoWay checkmated} 1-0

[Event "fics rated crazyhouse match"]
[Site "fics, Oklahoma City, OK USA"]
[Date "2000.02.13"]
[White "XXNoWay"]
[WhiteElo "2351"]
[Black "venomous"]
[BlackElo "2401"]
[TimeControl "60+0"]
[Result "0-1"]

1. e4 e6 2. Nc3 Nc6 3. Nf3 Bb4 4. Bb5 Nf6 5. d3 d5 6. e5 
Ng4 7. O-O O-O 8. Bxc6 bxc6 9. h3 Nxf2 10. Rxf2 P@g3 11. Rf1 f6 
12. exf6 Qxf6 13. N@g4 P@f2+ 14. Kh1 Bxc3 15. bxc3 Qxc3 16. B@b2 B@a5 17. Bxc3 
Bxc3 18. N@h6+ gxh6 19. Nxh6+ Kh8 20. P@f7 Bd7 21. Ng5 B@f6 22. Qh5 Bxa1 
23. Q@g8+ Rxg8 24. fxg8=Q+ Rxg8 25. Nhf7+ Kg7 26. Qxh7+ Kf8 27. Qxg8+ Kxg8 28. P@h7+ 
Kf8 29. R@g8+ Ke7 30. Ba3+ P@d6 31. Bxd6+ cxd6 32. R@e8+ Bxe8 33. Rxe8+ Kxe8 
34. Nxd6+ Kd7 
{XXNoWay forfeits on time} 0-1

[Event "fics rated crazyhouse match"]
[Site "fics, Oklahoma City, OK USA"]
[Date "2000.02.13"]
[White "venomous"]
[WhiteElo "2408"]
[Black "XXNoWay"]
[BlackElo "2344"]
[TimeControl "60+0"]
[Result "0-1"]

1. e4 e5 2. Bc4 Nc6 3. Nf3 Be7 4. O-O Nf6 5. d4 d6 6. dxe5 
dxe5 7. P@b5 P@g4 8. Ng5 O-O 9. bxc6 bxc6 10. Bxf7+ Rxf7 11. Qxd8+ Bxd8 
12. Nxf7 P@h3 13. R@h8+ Kxf7 14. N@g5+ Ke7 15. Q@f7+ Kd6 16. Rxd8+ Kc5 17. B@a3+ 
Kb6 18. Be3+ Kb7 19. Nxh3 gxh3 20. P@a6+ Kxa6 21. Qxc7 N@f3+ 22. Kh1 hxg2+ 
23. Kxg2 N@h4+ 24. Kg3 Q@g4# 
{venomous checkmated} 0-1

[Event "fics rated crazyhouse match"]
[Site "fics, Oklahoma City, OK USA"]
[Date "2000.02.13"]
[White "XXNoWay"]
[WhiteElo "2353"]
[Black "venomous"]
[BlackElo "2399"]
[TimeControl "60+0"]
[Result "1-0"]

1. e4 e6 2. Nc3 Bb4 3. Nf3 Bxc3 4. dxc3 d6 5. Bd3 Nc6 6. O-O 
N@e5 7. B@g5 f6 8. Nxe5 Nxe5 9. Bgf4 Nxd3 10. cxd3 Bd7 11. N@h5 B@f8 
12. d4 N@g6 13. d5 Nxf4 14. Nxf4 B@f7 15. dxe6 Bfxe6 16. Nxe6 Bxe6 17. P@f5 
Bf7 18. B@e6 Qe7 19. Bxf7+ Qxf7 20. B@e6 Qe7 21. N@d5 Qd8 22. N@f7 N@e5 
23. Nxh8 c6 24. Nf4 P@d7 25. Qh5+ g6 26. fxg6 dxe6 27. g7+ B@g6 28. gxf8=Q+ 
Kxf8 29. Nxe6+ Ke7 30. Nxd8 Kxd8 31. Q@f8+ B@e8 32. Qxd6+ N@d7 33. P@c7+ Kc8 
34. R@d8# 
{venomous checkmated} 1-0

[Event "fics rated crazyhouse match"]
[Site "fics, Oklahoma City, OK USA"]
[Date "2000.02.13"]
[White "venomous"]
[WhiteElo "2390"]
[Black "XXNoWay"]
[BlackElo "2362"]
[TimeControl "60+0"]
[Result "0-1"]

1. e4 e5 2. Bc4 Nc6 3. Nf3 Be7 4. O-O d6 5. d4 exd4 6. Nxd4 
Nxd4 7. Qxd4 P@e5 8. Qd1 Nf6 9. P@g5 Nxe4 10. Bxf7+ Kxf7 11. Qd5+ Be6 
12. Qxe4 B@d5 13. Qe2 N@d4 14. Qd1 P@e2 15. Nc3 exd1=Q 16. Nxd1 Bxg2 
{venomous resigns} 0-1

[Event "fics rated crazyhouse match"]
[Site "fics, Oklahoma City, OK USA"]
[Date "2000.02.13"]
[White "XXNoWay"]
[WhiteElo "2371"]
[Black "venomous"]
[BlackElo "2381"]
[TimeControl "60+0"]
[Result "1-0"]

1. e4 e6 2. Nc3 Nc6 3. Nf3 Bb4 4. Bb5 Nf6 5. d3 d5 6. e5 
Ng4 7. O-O O-O 8. Bg5 f6 9. Bxc6 fxg5 10. Ba4 Bxc3 11. bxc3 Nxf2 
12. Rxf2 B@e3 13. N@g4 Bxf2+ 14. Nxf2 P@e3 15. Ng4 N@f2 16. Nxf2 exf2+ 17. Kxf2 
g4 18. B@h5 gxf3 19. P@f7+ Kh8 20. Qxf3 N@f5 21. P@g4 Qh4+ 22. B@g3 R@d2+ 
23. N@e2 Nxg3 24. hxg3 B@b6+ 25. d4 Qg5 26. N@h3 N@e4+ 27. Qxe4 dxe4 28. Nxg5 
Bxd4+ 29. cxd4 Rxe2+ 30. Kxe2 P@d3+ 31. Kd2 Q@e2+ 32. Kc3 N@d5+ 33. Kb2 Bd7 
34. N@g6+ hxg6 35. Q@h7# 
{venomous checkmated} 1-0

[Event "fics rated crazyhouse match"]
[Site "fics, Oklahoma City, OK USA"]
[Date "2000.02.13"]
[White "venomous"]
[WhiteElo "2373"]
[Black "XXNoWay"]
[BlackElo "2379"]
[TimeControl "60+0"]
[Result "1-0"]

1. e4 e5 2. Nf3 Nc6 3. Bc4 Be7 4. O-O Nf6 5. d4 exd4 6. e5 
P@g4 7. exf6 Bxf6 8. Bxf7+ Kxf7 9. Nxd4 Nxd4 10. Nc3 P@b4 11. N@g5+ Kf8 
12. P@e5 bxc3 13. exf6 Qxf6 14. Ne4 N@f3+ 15. Kh1 Qe7 16. gxf3 gxf3 17. Qxf3+ 
Nxf3 18. B@g2 P@e2 19. Bg5 exf1=Q+ 20. Rxf1 P@f6 21. Nxf6 gxf6 22. P@g7+ Kxg7 
23. P@h6+ Kf7 24. P@g7 Rg8 25. N@h8+ Ke6 26. Bxf3 N@h3 27. N@d4+ Kd6 28. Nf5+ 
Kc5 29. Be3+ Kb5 30. Nxe7 P@g2+ 31. Bxg2 
{XXNoWay resigns} 1-0